 Dungeon Crawl Stone Soup version 0.27.1-33-g824d729ab1 (webtiles) character file.

Game seed: 2558504510614698789

79 Cykl0x the Ruffian (level 4, -1/26 HPs)
             Began as a Gargoyle Transmuter on Nov 27, 2021.
             Slain by Sigmund (8 damage)
             ... on level 3 of the Dungeon.
             The game lasted 00:06:47 (2357 turns).

Cykl0x the Ruffian (Gargoyle Transmuter)            Turns: 2357, Time: 00:06:47

Health: -1/26      AC:  9    Str: 15    XL:     4   Next: 37%
Magic:  4/7        EV: 10    Int: 13    God:
Gold:   123        SH:  0    Dex: 10    Spells: 4/7 levels left

rFire    . . .     SeeInvis .   j - +0 falchion (vorpal)
rCold    . . .     Faith    .   (no shield)
rNeg     + . .     Spirit   .   g - +0 ring mail
rPois    ∞         Reflect  .   (no helmet)
rElec    +         Harm     .   (no cloak)
rCorr    .         Rampage  .   (no gloves)
Will     .....                  d - +0 pair of boots
Stlth    ..........             (no amulet)
HPRegen  0.08/turn              (no ring)
MPRegen  0.10/turn              (no ring)

@: wereblooded
A: sickness immunity, AC +3, negative energy resistance 1, electricity
resistance, torment resistance 1, petrification resistance
a: no special abilities


You were on level 3 of the Dungeon.
You visited 1 branch of the dungeon, and saw 3 of its levels.

You collected 123 gold pieces.

Inventory:

Hand Weapons
 c - a +0 rapier
 j - a +0 vorpal falchion (weapon)
Missiles
 h - 36 stones (quivered)
Armour
 a - a +0 robe
 d - a +0 pair of boots (worn)
 g - a +0 ring mail (worn)
 k - a +0 chain mail
Scrolls
 b - a scroll of amnesia
Potions
 e - a potion of might {unknown}
 f - 2 potions of curing {unknown}
 i - a potion of degeneration {unknown}


   Skills:
 * Level 2.2 Fighting
 - Level 1.1 Short Blades
 * Level 0.5 Throwing
 * Level 1.4 Armour
 + Level 1.8 Dodging
 - Level 3.1 Unarmed Combat
 * Level 2.4 Spellcasting
 * Level 1.9 Transmutations


You had 4 spell levels left.
You knew the following spells:

 Your Spells              Type           Power      Damage    Failure   Level
a - Beastly Appendage     Tmut           12%        N/A       22%         1
b - Wereblood             Tmut           6%         N/A       32%         2

Your spell library contained the following spells:

 Spells                   Type           Power      Damage    Failure   Level
 Spider Form              Tmut/Pois      2%         N/A       67%         3
 Ice Form                 Ice/Tmut       4%         N/A       97%         4


Dungeon Overview and Level Annotations

Branches:
Dungeon (3/15)

Altars:
Dithmenos

Annotations:
D:3 Sigmund


Innate Abilities, Weirdness & Mutations

You are immune to sickness and miasma.
Your stone body is resilient. (AC +3)
You are immune to poison.
You resist negative energy. (rN+)
You are resistant to electric shocks. (rElec)
You are resistant to unholy torment.
You are immune to petrification.


Message History

Found a stone staircase leading up.
Sigmund the Dreaded comes into view.
He is wielding a +0 scythe and wearing a +1 robe of willpower.
Sigmund shouts!
Sigmund casts a spell at you. The puff of flame hits you!
Okay, then.
Okay, then.
Casting: Wereblood (quite dangerous; 32% risk of failure)
Confirm with . or Enter, or press ? or * to list all spells.
You don't know that spell.
Casting: Wereblood (quite dangerous; 32% risk of failure)
Confirm with . or Enter, or press ? or * to list all spells.
The spell is quite dangerous to cast (32% risk of failure)!
Continue anyway?
You miscast Wereblood.
You are very lightly contaminated with residual magic.
Nothing appears to happen.
Casting: Wereblood (quite dangerous; 32% risk of failure)
Confirm with . or Enter, or press ? or * to list all spells.
The spell is quite dangerous to cast (32% risk of failure)!
Continue anyway?
Your blood is infused with primal strength.
You hit Sigmund.
Sigmund is lightly wounded.
Sigmund hits you but does no damage.
You hit Sigmund.
Sigmund is lightly wounded.
Sigmund barely misses you.
You riposte.
You hit Sigmund.
Sigmund is moderately wounded.
You barely miss Sigmund.
Sigmund is moderately wounded.
Sigmund gestures wildly while chanting.
Sigmund flickers and vanishes!
Deactivating autopickup; reactivate with Ctrl-A.
You hit something but do no damage. Something hits you.
You hit something. Something hits you but does no damage.
You miss something. You barely miss something. Something hits you!
* * * LOW HITPOINT WARNING * * *
Your magical contamination has completely faded away.
You closely miss something. Something hits you!
You die...

*,§§§§§§..# #.#
**#.#§#.#.####.#
##§§§##......#
########§#####.##.#
.......§§# #.##.#
........##***#.##.#********
#...........*#.##..,,,,,,,*
#.#####.###.#.#.###******,*
#.# #.##...###@##### *,*
#.# #.....#* ##{..<# *,*
..# ####...###.###.# *,*
###** ##...#.##**,* *,*
*,,,********,#.##*,,,* *,*
,,*,,,,.@......# *,*** *,*
#,,,***#####.### *,* *,*
******* #.* *,* ****,*
,,,,,,* #,* *,* *,,,,*


There were no monsters in sight!

Vanquished Creatures
  2 adders (D:2)
  2 worms (D:2)
  A dart slug (D:1)
  4 orcs (D:3)
  3 ball pythons
  A bat (D:1)
  5 endoplasms
  2 giant cockroaches
  6 goblins
  5 hobgoblins
  3 jackals (D:2)
  A quokka (D:2)
  2 frilled lizards (D:1)
  3 kobolds
  4 rats
44 creatures vanquished.

Notes
Turn   | Place    | Note
-------+----------+-------------------------------------------
     0 | D:1      | Cykl0x the Gargoyle Transmuter began the quest for the Orb.
     0 | D:1      | Reached XP level 1. HP: 12/12 MP: 3/3
   263 | D:1      | Reached XP level 2. HP: 14/16 MP: 3/5
   549 | D:1      | Learned a level 2 spell: Wereblood
   692 | D:1      | Found a faded altar of an unknown god.
   849 | D:1      | Reached XP level 3. HP: 19/20 MP: 4/6
  1228 | D:2      | Reached skill level 1 in Armour
  1509 | D:2      | Reached XP level 4. HP: 26/26 MP: 7/7
  1520 | D:2      | Reached skill level 1 in Short Blades
  2298 | D:3      | Found a shadowy altar of Dithmenos.
  2340 | D:3      | Noticed Sigmund
  2357 | D:3      | Slain by Sigmund

Illustrated notes

Levels and vault maps discovered:
D:1:      lemuel_arrival_muddy, layout_loops_ring,
          shapermc_ecumenical_altar_pompeii, minmay_misc_feat_iff
D:2:      layout_basic
D:3:      layout_loops_ring, grunt_dithmenos_smoke_and_mirrors, uniq_grinder,
          uniq_sigmund

Skill      XL: |  1  2  3  4 |
---------------+-------------+-----
Armour         | 1 |  1.4
Fighting       | 2 |  2.2
Short Blades   | 1 |  1.1
Throwing       | |  0.5
Dodging        | |  1.8
Unarmed Combat | |  3.1
Spellcasting   | |  2.4
Transmutations | |  1.9

Action                   |  1- 3 |  4- 6 || total
-------------------------+-------+-------++-------
Melee: Unarmed           |    11 |       ||    11
       Rapier            |   120 |    15 ||   135
       Kick              |     7 |       ||     7
       Headbutt          |     1 |       ||     1
       Punch             |     1 |       ||     1
       Falchion          |       |    23 ||    23
Throw: Stone             |    23 |    19 ||    42
 Cast: Beastly Appendage |    11 |       ||    11
       Wereblood         |     6 |     3 ||     9
  Use: Scroll            |     2 |     2 ||     4
Armor: Robe              |    31 |       ||    31
       Ring mail         |    26 |    14 ||    40
Dodge: Dodged            |    78 |    19 ||    97
       Rpst.: Falchion   |       |     2 ||     2
